 Dungeon Crawl Stone Soup version 0.17.0-27-g4a3f43e (webtiles) character file.

7190 Kisielow the Cleaver (level 11, -3/95 HPs)
             Began as a Hill Orc Fighter on Nov 21, 2015.
             Was a High Priest of Okawaru.
             Killed by Olgreb's Toxic Radiance
             ... invoked by Shlakoblock's ghost
              (12 damage)
             ... on level 10 of the Dungeon.
             The game lasted 00:29:08 (10944 turns).

Kisielow the Cleaver (Hill Orc Fighter)            Turns: 10944, Time: 00:29:08

Health: -3/95      AC: 19    Str: 23    XL:     11   Next: 11%
Magic:  16/17      EV: 10    Int:  8    God:    Okawaru [*****.]
Gold:   641        SH:  0    Dex: 10    Spells: 0 memorised, 10 levels left

rFire  . . .     SeeInvis .     p - +0 war axe
rCold  . . .     Clarity  .     y - +0 plate armour
rNeg   . . .     SustAt   .     c - +0 shield
rPois  .         Gourm    .     n - +0 helmet
rElec  .         Spirit   .     (no cloak)
rCorr  .         Warding  .     l - +1 pair of gloves
rMut   .         Stasis   .     (no boots)
MR     .....                    (no amulet)
Stlth  ..........               o - +2 ring of evasion
                                f - +3 ring of slaying

@: confused, lethally poisoned (-3 -> -19), heroism, studying Shields, not
resistant to hostile enchantments, extremely unstealthy
A: hooves 1, blurry vision 1, spit poison 1, subdued magic 1
a: Spit Poison, Heroism, Finesse, Renounce Religion


You were on level 10 of the Dungeon.
You worshipped Okawaru.
Okawaru was extremely pleased with you.
You were not hungry.

You visited 3 branches of the dungeon, and saw 12 of its levels.
You also visited: Bailey.

You collected 641 gold pieces.

Inventory:

Hand Weapons
 p - a +0 war axe (weapon)
Armour
 c - a +0 shield (worn)
 l - a +1 pair of gloves (worn)
 n - a +0 helmet (worn)
 y - a +0 plate armour (worn)
Jewellery
 a - an uncursed ring of sustain attributes
 f - a +3 ring of slaying (left hand)
 o - a +2 ring of evasion (right hand)
 F - an uncursed ring of teleportation
Wands
 j - a wand of slowing (40)
 C - a wand of magic darts (33)
 D - a wand of digging (14)
Scrolls
 h - 2 scrolls of remove curse
 i - 2 scrolls of blinking
 r - 2 scrolls of fog
 s - a scroll of identify
Potions
 b - a potion of haste {unknown}
 d - a potion of might
 g - a potion of lignification {unknown}
 q - a potion of cure mutation {unknown}
 t - a potion of experience {unknown}
 v - 3 potions of flight
 w - a potion of heal wounds
 x - a potion of agility {unknown}
 A - a potion of cancellation
 B - 2 potions of ambrosia
 E - a potion of poison {unknown}
Books
 G - a manual of Shields
Comestibles
 e - 5 bread rations
 k - 2 royal jellies
 m - 28 fruits
 u - a slice of pizza


   Skills:
 + Level 8.6(13.6) Fighting
 + Level 11.9(16.9) Axes
 + Level 7.6(12.6) Armour
 + Level 8.1(13.1) Shields
 * Level 8.2 Invocations
 * Level 5.6 Evocations


You had 10 spell levels left.
You didn't know any spells.

Dungeon Overview and Level Annotations

Branches:
Dungeon (10/15)            Temple (1/1) D:4            Lair (1/8) D:8
    Orc: D:9-12

Altars:
Ashenzari
Cheibriados
Dithmenos
Elyvilon
Fedhas
Gozag
Kikubaaqudgha
Makhleb
Nemelex Xobeh
Okawaru
Qazlal
Ru
Sif Muna
Trog
Vehumet
Xom
Yredelemnul
Zin
The Shining One
Beogh
Jiyva

Shops:
D:7 }

Annotations:
D:7 P0WERM0DE's ghost, novice OpWz
D:10 Shlakoblock's ghost, novice SpVM


Innate Abilities, Weirdness & Mutations

You have large cloven feet.
Scrolls take you a little longer to read.
You can spit weak poison.
Your spells are a little easier to cast, but a little less powerful.


Message History

You are more poisoned.
Shlakoblock's ghost hits you but does no damage.
A worker ant comes into view.
You are engulfed in noxious fumes.
* * * LOW HITPOINT WARNING * * *
x2 You feel sick.
The worker ant twitches its antennae in your direction.
* * * LOW HITPOINT WARNING * * *
You are more poisoned.
Shlakoblock's ghost gestures at you while chanting.
The ball explodes into a vile cloud!
The stinking cloud engulfs you!
You are too injured to fight recklessly!
You are too injured to fight recklessly!
You are too injured to fight recklessly!
Unknown command.
You are too injured to fight recklessly!
You are engulfed in noxious fumes.
* * * LOW HITPOINT WARNING * * *
x2 You feel sick.
You die...

#..........# #..
#..........# #..
#..........# #...
#..........# .+ #...
#..........#..#
#....#..........#..#
##....#####'######..#
.......§§§.>........#
......W@.§..........#
....?...............####
........................
.......########.........
....$.. #.......#+
.....a. #.......#
#...... #.......#
#...... #.......#
#.......#


You could see a worker ant and Shlakoblock's ghost.

Vanquished Creatures
  The ghost of P0WERM0DE the Destroyer, a novice OpWz of Elyvilon (D:9)
  A fire drake (D:8)
  5 yaks (D:9)
  A hippogriff (D:9)
  A water moccasin (Lair:1)
  Duvessa (D:6)
  2 phantoms
  11 orc warriors
  2 black bears
  An ice beast (D:9)
  12 centaurs
  3 sky beasts
  5 ogres
  Blork the orc (D:4)
  A gnoll sergeant (D:8)
  3 giant frogs
  A big kobold (D:8)
  Dowan (D:6)
  A water moccasin zombie (D:9)
  A wyvern skeleton (D:6)
  A scorpion (D:9)
  6 killer bees (D:8)
  4 crimson imps
  A giant frog zombie (D:7)
  6 jellies
  4 orc priests
  Ijyb (D:2)
  A giant frog skeleton (D:7)
  4 hounds
  A centaur skeleton (D:4)
  7 orc wizards
  5 worker ants
  A hound zombie (D:9)
  2 worker ant zombies (D:8)
  3 hound skeletons
  Robin (D:2)
  6 gnolls (D:8)
  15 adders
  A shadow imp (D:7)
  6 oozes
  7 giant geckos
  49 orcs
  5 bats
  3 giant cockroaches
  27 goblins
  10 hobgoblins
  9 jackals
  7 kobolds
  5 quokkas
  3 giant newts
  A jackal skeleton (D:4)
  A quokka zombie (D:7)
  16 rats
274 creatures vanquished.

Vanquished Creatures (others)
  A toadstool (D:4)
1 creature vanquished.

Grand Total: 275 creatures vanquished

Notes
Turn   | Place    | Note
--------------------------------------------------------------
     0 | D:1      | Kisielow the Hill Orc Fighter began the quest for the Orb.
     0 | D:1      | Reached XP level 1. HP: 19/19 MP: 1/1
   421 | D:1      | Reached XP level 2. HP: 26/26 MP: 2/2
   484 | D:1      | Reached skill level 4 in Axes
   858 | D:1      | Reached XP level 3. HP: 31/31 MP: 3/3
  1033 | D:2      | Found an ancient bone altar of Kikubaaqudgha.
  1074 | D:2      | Reached skill level 5 in Axes
  1093 | D:2      | Found a bloodstained altar of Trog.
  1095 | D:2      | Found a burning altar of Makhleb.
  1127 | D:2      | Reached XP level 4. HP: 39/39 MP: 4/4
  1130 | D:2      | Noticed Robin
  1145 | D:2      | Killed Robin
  1203 | D:2      | Noticed Ijyb
  1212 | D:2      | Killed Ijyb
  1212 | D:2      | Reached skill level 6 in Axes
  1212 | D:2      | Reached XP level 5. HP: 34/46 MP: 5/5
  1630 | D:2      | Found a deep blue altar of Sif Muna.
  2073 | D:3      | Found a roughly hewn altar of Beogh.
  2185 | D:3      | Reached XP level 6. HP: 46/53 MP: 6/6
  2691 | D:4      | Found a staircase to the Ecumenical Temple.
  2694 | Temple   | Entered the Ecumenical Temple
  2838 | Temple   | Became a worshipper of Warmaster Okawaru
  3012 | D:4      | Reached skill level 7 in Axes
  3021 | D:4      | Found a viscous altar of Jiyva.
  3158 | D:4      | Noticed Blork the orc
  3170 | D:4      | Killed Blork the orc
  3170 | D:4      | Reached skill level 5 in Fighting
  3199 | D:4      | Reached XP level 7. HP: 49/61 MP: 7/7
  3227 | D:4      | Found a stormy altar of Qazlal.
  3495 | D:5      | Entered Level 5 of the Dungeon
  3556 | D:5      | Reached * piety under Okawaru
  3556 | D:5      | Reached skill level 8 in Axes
  3571 | D:5      | Gained mutation: You can spit weak poison. [potion of beneficial mutation]
  3705 | D:5      | Reached skill level 5 in Shields
  3705 | D:5      | Reached XP level 8. HP: 58/70 MP: 8/8
  3998 | D:5      | Reached skill level 5 in Armour
  4002 | D:5      | Reached skill level 9 in Axes
  4455 | D:6      | Noticed Duvessa
  4456 | D:6      | Noticed Dowan
  4463 | D:6      | Killed Duvessa
  4475 | D:6      | Reached ** piety under Okawaru
  4515 | D:6      | Killed Dowan
  4633 | D:6      | Reached skill level 10 in Axes
  5188 | D:6      | Reached XP level 9. HP: 78/78 MP: 9/9
  5702 | D:7      | Noticed P0WERM0DE's ghost (novice OpWz)
  5747 | D:6      | Reached skill level 1 in Invocations
  5826 | D:7      | Gained mutation: Scrolls take you a little longer to read. [potion of mutation]
  5826 | D:7      | Gained mutation: You can spit poison. [potion of mutation]
  5826 | D:7      | Gained mutation: Your spells are a little easier to cast, but a little less powerful. [potion of mutation]
  6065 | D:7      | Found Xuh Ceyn's Gadget Boutique.
  6174 | D:7      | Reached *** piety under Okawaru
  6326 | D:7      | Reached skill level 1 in Evocations
  6941 | D:8      | Found a staircase to the Lair.
  6941 | D:8      | Noticed a fire drake
  6950 | D:8      | Killed a fire drake
  7190 | D:8      | Reached skill level 11 in Axes
  7954 | D:8      | Reached **** piety under Okawaru
  7954 | D:8      | Reached XP level 10. HP: 81/88 MP: 13/13
  8162 | Lair:1   | Entered Level 1 of the Lair of Beasts
  8196 | Lair:1   | Reached skill level 5 in Invocations
  8487 | D:9      | Found a glowing silver altar of Zin.
  8487 | D:9      | Found a burning altar of Makhleb.
  8487 | D:9      | Found a sparkling altar of Nemelex Xobeh.
  8536 | D:9      | Killed P0WERM0DE's ghost
  8586 | D:9      | Reached ***** piety under Okawaru
  8611 | D:9      | Found a flagged portal.
  8643 | Bailey   | Entered a bailey
  9107 | Bailey   | Reached skill level 5 in Evocations
  9448 | Bailey   | Reached XP level 11. HP: 36/95 MP: 16/16
 10499 | D:9      | Gained mutation: You have large cloven feet. [mutagenic meat]
 10500 | D:9      | Lost mutation: You can spit poison. [mutagenic meat]
 10873 | D:10     | Entered Level 10 of the Dungeon
 10919 | D:10     | Noticed Shlakoblock's ghost (novice SpVM)
 10944 | D:10     | Killed from afar by Shlakoblock's ghost

Action                   |  1- 3 |  4- 6 |  7- 9 | 10-12 || total
-------------------------+-------+-------+-------+-------++-------
Melee: War axe           |    94 |   180 |   356 |   286 ||   916
Invok: Heroism           |       |       |     1 |     3 ||     4
 Abil: Spit Poison       |       |       |     2 |       ||     2
  Use: Scroll            |       |     5 |    15 |     4 ||    24
       Potion            |       |       |     3 |     4 ||     7
 Stab: Invisible         |       |       |       |     3 ||     3
  Eat: Chunk             |     1 |     7 |    14 |    10 ||    32
       Beef jerky        |       |       |     1 |       ||     1
       Meat ration       |       |       |       |     1 ||     1
